NYP
LOWELL SPINNERS @ HUDSON VALLEY RENEGADES
09/04/2044
 
TOP OF THE 1ST
Lowell Spinners batting - Pitching for Hudson Valley Renegades : RHP David Zupon
Pitching: RHP David Zupon
Batting: RHB Billy Ratz 0-0: Ball
1-0: Fly out, F9 (Flyball, 9, EV 81.3 MPH)
Batting: RHB Jose Conde 0-0: Called Strike
0-1: Called Strike
0-2: Ball
1-2: Foul Ball, location: 2F
1-2: Ground out 5-3 (Groundball, 5, EV 100.6 MPH)
Batting: LHB Nelis Geurts 0-0: Ball
1-0: Fly out, F7 (Flyball, 78S, EV 93.1 MPH)
Top of the 1st over - 0 runs, 0 hits, 0 errors, 0 left on base; Lowell 0 - Hudson Valley 0
BOTTOM OF THE 1ST
Hudson Valley Renegades batting - Pitching for Lowell Spinners : LHP Eric Del Sordo
Pitching: LHP Eric Del Sordo
Batting: SHB Josif Popovski 0-0: Foul Ball, location: 2F
0-1: Ball
1-1: Swinging Strike
1-2: Strikes out swinging, 2-3 out at first.
Batting: RHB Orlando Herrera 0-0: Called Strike
0-1: Foul Ball, location: 2F
0-2: Ball
1-2: Ball
2-2: Strikes out swinging
Batting: RHB Freddy Mullen 0-0: Called Strike
0-1: SINGLE (Groundball, 56D, EV 100.0 MPH)
Batting: SHB Suljo Dokic 0-0: Called Strike
0-1: Called Strike
0-2: Strikes out swinging
Bottom of the 1st over - 0 runs, 1 hit, 0 errors, 1 left on base; Lowell 0 - Hudson Valley 0
TOP OF THE 2ND
Lowell Spinners batting - Pitching for Hudson Valley Renegades : RHP David Zupon
Batting: RHB Paul Long 0-0: SINGLE (Flyball, 5D, EV 88.8 MPH)
Batting: RHB William Lung 0-0: Called Strike
0-1: Swinging Strike
0-2: Strikes out looking
Batting: RHB Josh Helman 0-0: Foul Ball, location: 2F
0-1: Grounds into double play, 4-6-3 (Groundball, 34, EV 82.5 MPH)
Top of the 2nd over - 0 runs, 1 hit, 0 errors, 0 left on base; Lowell 0 - Hudson Valley 0
BOTTOM OF THE 2ND
Hudson Valley Renegades batting - Pitching for Lowell Spinners : LHP Eric Del Sordo
Batting: RHB Jesus Baires 0-0: Ball
1-0: Foul Ball, location: 2F
1-1: Swinging Strike
1-2: Fly out, F8 (Flyball, 8LD, EV 103.8 MPH)
Batting: RHB Mark Richert 0-0: Ball
1-0: Ball
2-0: Called Strike
2-1: SINGLE (Groundball, 6MD, EV 101.9 MPH)
Batting: LHB Killian Chaumont 0-0: Called Strike
0-1: Called Strike
0-2: Fly out, F8 (Flyball, 78M, EV 97.5 MPH)
Batting: RHB Gabriel Duarte 0-0: Called Strike
0-1: Foul Ball, location: 2F
0-2: Ball
1-2: Strikes out looking
Bottom of the 2nd over - 0 runs, 1 hit, 0 errors, 1 left on base; Lowell 0 - Hudson Valley 0
TOP OF THE 3RD
Lowell Spinners batting - Pitching for Hudson Valley Renegades : RHP David Zupon
Batting: LHB Masumi Abe 0-0: Ball
1-0: Foul Ball, location: 2F
1-1: Fly out, F8 (Flyball, 8LD, EV 90.6 MPH)
Batting: RHB Bobby Schimke 0-0: Ball
1-0: Ball
2-0: Called Strike
2-1: Swinging Strike
2-2: Ball
3-2: Foul Ball, location: 2F
3-2: Ground out 4-3 (Groundball, 4, EV 86.3 MPH)
Batting: RHB Nick Ameen 0-0: Foul Ball, location: 2F
0-1: Foul Ball, location: 2F
0-2: Ball
1-2: Ground out 1-3 (Groundball, 34S, EV 72.5 MPH)
Top of the 3rd over - 0 runs, 0 hits, 0 errors, 0 left on base; Lowell 0 - Hudson Valley 0
BOTTOM OF THE 3RD
Hudson Valley Renegades batting - Pitching for Lowell Spinners : LHP Eric Del Sordo
Batting: SHB Tirta Subandrio 0-0: Foul Ball, location: 2F
0-1: Ball
1-1: Foul Ball, location: 2F
1-2: Ball
2-2: Strikes out swinging
Batting: SHB Josif Popovski 0-0: Foul Ball, location: 2F
0-1: Ball
1-1: Ball
2-1: Foul Ball, location: 2F
2-2: Ball
3-2: Foul Ball, location: 2F
3-2: Strikes out looking
Batting: RHB Orlando Herrera 0-0: Ball
1-0: Ground out 4-3 (Groundball, 4, EV 83.1 MPH)
Bottom of the 3rd over - 0 runs, 0 hits, 0 errors, 0 left on base; Lowell 0 - Hudson Valley 0
TOP OF THE 4TH
Lowell Spinners batting - Pitching for Hudson Valley Renegades : RHP David Zupon
Batting: RHB Billy Ratz 0-0: Called Strike
0-1: Ball
1-1: Ground out U3 (Groundball, 34, EV 87.5 MPH)
Batting: RHB Jose Conde 0-0: Ball
1-0: Foul Ball, location: 2F
1-1: SINGLE (Groundball, 4MD, EV 96.3 MPH)
Batting: LHB Nelis Geurts 0-0: Ball
Jose Conde steals 2nd base
1-0: DOUBLE (Groundball, 5L, EV 103.1 MPH)
Jose Conde scores
Batting: RHB Paul Long 0-0: Ball
1-0: Swinging Strike
1-1: Foul Ball, location: 2F
1-2: Ball
2-2: Strikes out swinging
Batting: RHB William Lung 0-0: Ball
1-0: Ground out 6-3 (Groundball, 6S, EV 66.9 MPH)
Top of the 4th over - 1 run, 2 hits, 0 errors, 1 left on base; Lowell 1 - Hudson Valley 0
BOTTOM OF THE 4TH
Hudson Valley Renegades batting - Pitching for Lowell Spinners : LHP Eric Del Sordo
Batting: RHB Freddy Mullen 0-0: Ball
1-0: Ball
2-0: Called Strike
2-1: Ball
3-1: SINGLE (Groundball, 34D, EV 100.0 MPH)
Batting: SHB Suljo Dokic 0-0: Foul Ball, location: 2F
0-1: Swinging Strike
0-2: Strikes out swinging
Batting: RHB Jesus Baires 0-0: Called Strike
0-1: Swinging Strike
0-2: Foul Ball, location: 2F
0-2: Ball
1-2: Ball
2-2: Strikes out looking
Batting: RHB Mark Richert 0-0: Ground out 4-3 (Groundball, 4, EV 80.0 MPH)
Bottom of the 4th over - 0 runs, 1 hit, 0 errors, 1 left on base; Lowell 1 - Hudson Valley 0
TOP OF THE 5TH
Lowell Spinners batting - Pitching for Hudson Valley Renegades : RHP David Zupon
Batting: RHB Josh Helman 0-0: Swinging Strike
0-1: Ball
1-1: Foul Ball, location: 2F
1-2: Ball
2-2: Ball
3-2: Base on Balls
Batting: LHB Masumi Abe 0-0: Called Strike
0-1: Swinging Strike
0-2: Strikes out swinging
Batting: RHB Bobby Schimke 0-0: Called Strike
0-1: Ball
1-1: Ball
2-1: Fly out, F7 (Flyball, 78D, EV 95.0 MPH)
Batting: RHB Nick Ameen 0-0: Fly out, F8 (Flyball, 8RS, EV 90.0 MPH)
Top of the 5th over - 0 runs, 0 hits, 0 errors, 1 left on base; Lowell 1 - Hudson Valley 0
BOTTOM OF THE 5TH
Hudson Valley Renegades batting - Pitching for Lowell Spinners : LHP Eric Del Sordo
Batting: LHB Killian Chaumont 0-0: Ball
1-0: Swinging Strike
1-1: Foul Ball, location: 2F
1-2: Hit by Pitch
Batting: RHB Gabriel Duarte 0-0: Ball
1-0: Fielders Choice at 2nd, 5-4 (Groundball, 5L, EV 86.9 MPH)
Pinch Hitting: RHB Chris Glavin 0-0: Ball
1-0: Fielders Choice at 2nd, 6-4 (Groundball, 6, EV 81.9 MPH)
Batting: SHB Josif Popovski 0-0: Called Strike
Chris Glavin steals 2nd base
0-1: Swinging Strike
0-2: Ball
1-2: SINGLE (Groundball, 25, EV 66.9 MPH) (infield hit)
Chris Glavin to third
Batting: RHB Orlando Herrera 0-0: Ball
1-0: Foul Ball, location: 2F
1-1: Called Strike
1-2: Foul Ball, location: 2F
1-2: Ball
2-2: Ball
3-2: Strikes out swinging
Bottom of the 5th over - 0 runs, 1 hit, 0 errors, 2 left on base; Lowell 1 - Hudson Valley 0
TOP OF THE 6TH
Lowell Spinners batting - Pitching for Hudson Valley Renegades : RHP David Zupon
Now at 3B: Chris Glavin
Batting: RHB Billy Ratz 0-0: Ball
1-0: Ball
2-0: Called Strike
2-1: Ball
3-1: Swinging Strike
3-2: Foul Ball, location: 2F
3-2: Base on Balls
Batting: RHB Jose Conde 0-0: Called Strike
0-1: Ball
1-1: Ball
Billy Ratz steals 2nd, throwing error, E2
Billy Ratz to third
2-1: Ball
3-1: Swinging Strike
3-2: Strikes out swinging
Batting: LHB Nelis Geurts 0-0: Intentional Walk
Batting: RHB Paul Long 0-0: Ball
Nelis Geurts is caught stealing 2nd base 2-4
1-0: Ball
2-0: Foul Ball, location: 2F
2-1: Foul Ball, location: 2F
2-2: Strikes out swinging
Top of the 6th over - 0 runs, 0 hits, 1 error, 1 left on base; Lowell 1 - Hudson Valley 0
BOTTOM OF THE 6TH
Hudson Valley Renegades batting - Pitching for Lowell Spinners : LHP Eric Del Sordo
Batting: RHB Freddy Mullen 0-0: Ball
1-0: Foul Ball, location: 2F
1-1: Ball
2-1: Ball
3-1: Called Strike
3-2: Fly out, F3 (Popup, 3SF, EV 74.4 MPH)
Batting: SHB Suljo Dokic 0-0: Called Strike
0-1: Ball
1-1: Swinging Strike
1-2: Foul Ball, location: 2F
1-2: Ball
2-2: Strikes out swinging
Batting: RHB Jesus Baires 0-0: Called Strike
0-1: Ground out U3 (Groundball, 3, EV 98.8 MPH)
Bottom of the 6th over - 0 runs, 0 hits, 0 errors, 0 left on base; Lowell 1 - Hudson Valley 0
TOP OF THE 7TH
Lowell Spinners batting - Pitching for Hudson Valley Renegades : RHP David Zupon
Batting: RHB William Lung 0-0: Ball
1-0: Called Strike
1-1: Ball
2-1: Foul Ball, location: 2F
2-2: DOUBLE (Line Drive, 89M, EV 91.9 MPH)
Batting: RHB Josh Helman 0-0: Called Strike
0-1: Fly out, F2 (Popup, 5SF, EV 79.4 MPH)
Pitching: LHP Hugo Aquino
Batting: LHB Masumi Abe 0-0: Called Strike
0-1: Foul Ball, location: 2F
0-2: DOUBLE (Line Drive, 7LS, EV 93.8 MPH)
William Lung scores
Pitching: RHP Juan Estrella
Batting: RHB Bobby Schimke 0-0: Ball
1-0: Swinging Strike
1-1: Ball
2-1: Called Strike
2-2: Strikes out looking
Batting: RHB Nick Ameen 0-0: Ball
1-0: Ball
2-0: Foul Ball, location: 2F
2-1: Foul Ball, location: 2F
2-2: Ground out 6-3 (Groundball, 6, EV 111.9 MPH)
Top of the 7th over - 1 run, 2 hits, 0 errors, 1 left on base; Lowell 2 - Hudson Valley 0
BOTTOM OF THE 7TH
Hudson Valley Renegades batting - Pitching for Lowell Spinners : LHP Eric Del Sordo
Pitching: RHP Kasper Larkin
Batting: RHB Mark Richert 0-0: Called Strike
0-1: Ball
1-1: Swinging Strike
1-2: Ball
2-2: Strikes out swinging
Batting: LHB Killian Chaumont 0-0: Called Strike
0-1: Foul Ball, location: 2F
0-2: Ball
1-2: Foul Ball, location: 2F
1-2: Ball
2-2: Foul Ball, location: 2F
2-2: Ball
3-2: Base on Balls
Batting: RHB Gabriel Duarte 0-0: Swinging Strike
0-1: Called Strike
0-2: Strikes out swinging
Batting: RHB Chris Glavin 0-0: Swinging Strike
0-1: Foul Ball, location: 2F
0-2: Ball
1-2: Foul Ball, location: 2F
1-2: Foul Ball, location: 2F
1-2: Strikes out looking
Bottom of the 7th over - 0 runs, 0 hits, 0 errors, 1 left on base; Lowell 2 - Hudson Valley 0
TOP OF THE 8TH
Lowell Spinners batting - Pitching for Hudson Valley Renegades : RHP Juan Estrella
Batting: RHB Billy Ratz 0-0: Ball
1-0: Ball
2-0: Called Strike
2-1: SOLO HOME RUN (Line Drive, 7LD, EV 95.0 MPH), Distance : 356 ft
Batting: RHB Jose Conde 0-0: Ball
1-0: Foul Ball, location: 2F
1-1: Ball
2-1: Ground out 6-3 (Groundball, 6, EV 81.9 MPH)
Batting: LHB Nelis Geurts 0-0: Called Strike
0-1: Swinging Strike
0-2: Strikes out looking
Batting: RHB Paul Long 0-0: Ball
1-0: Foul Ball, location: 2F
1-1: Ball
2-1: Ball
3-1: Ground out 6-3 (Groundball, 6, EV 88.8 MPH)
Top of the 8th over - 1 run, 1 hit, 0 errors, 0 left on base; Lowell 3 - Hudson Valley 0
BOTTOM OF THE 8TH
Hudson Valley Renegades batting - Pitching for Lowell Spinners : RHP Kasper Larkin
Pitching: RHP Efrain Nunez
Batting: SHB Josif Popovski 0-0: Called Strike
0-1: Ball
1-1: Swinging Strike
1-2: Strikes out swinging
Batting: RHB Orlando Herrera 0-0: Ball
1-0: Called Strike
1-1: SINGLE (Groundball, 6D, EV 95.0 MPH)
Batting: RHB Freddy Mullen 0-0: Fly out, F3 (Popup, 3SF, EV 73.8 MPH)
Batting: SHB Suljo Dokic 0-0: Called Strike
Balk!
Orlando Herrera to second
0-1: Swinging Strike
0-2: Ball
Wild Pitch!
Orlando Herrera to third
1-2: Strikes out looking
Bottom of the 8th over - 0 runs, 1 hit, 0 errors, 1 left on base; Lowell 3 - Hudson Valley 0
TOP OF THE 9TH
Lowell Spinners batting - Pitching for Hudson Valley Renegades : RHP Juan Estrella
Pitching: RHP Chris Marino
Batting: RHB William Lung 0-0: Called Strike
0-1: Foul Ball, location: 2F
0-2: Ball
1-2: Strikes out swinging
Batting: RHB Josh Helman 0-0: Foul Ball, location: 2F
0-1: SINGLE (Flyball, 4D, EV 85.0 MPH)
Batting: LHB Masumi Abe 0-0: Ball
1-0: Called Strike
1-1: Swinging Strike
1-2: Ball
2-2: Strikes out swinging
Batting: RHB Bobby Schimke 0-0: Called Strike
0-1: Swinging Strike
0-2: Ball
1-2: Ball
2-2: Foul Ball, location: 2F
2-2: Ground out 4-3 (Groundball, 4, EV 102.5 MPH)
Top of the 9th over - 0 runs, 1 hit, 0 errors, 1 left on base; Lowell 3 - Hudson Valley 0
BOTTOM OF THE 9TH
Hudson Valley Renegades batting - Pitching for Lowell Spinners : RHP Efrain Nunez
Pitching: RHP Jim Whiteman
Batting: RHB Jesus Baires 0-0: Ground out 6-3 (Groundball, 6, EV 90.6 MPH)
Batting: RHB Mark Richert 0-0: Swinging Strike
0-1: Ball
1-1: Ground out 4-3 (Groundball, 4, EV 87.5 MPH)
Batting: LHB Killian Chaumont 0-0: Called Strike
0-1: Ball
1-1: Foul Ball, location: 2F
1-2: Ball
2-2: Ball
3-2: Base on Balls
Batting: RHB Gabriel Duarte 0-0: SINGLE (Groundball, 6S, EV 60.0 MPH) (infield hit)
Killian Chaumont to second
Batting: RHB Chris Glavin 0-0: Fly out, F8 (Flyball, 8LD, EV 97.5 MPH)
Bottom of the 9th over - 0 runs, 1 hit, 0 errors, 2 left on base; Lowell 3 - Hudson Valley 0
Thursday, March 31st , 2022 - OOTP Baseball 22.12 Build 89